 Dungeon Crawl Stone Soup version 0.31-a0-188-g5e087ee2ca (webtiles) character file.

Game seed: 6381952105558725403

34 qw the Shooter (level 3, 0/20 HPs)
             Began as a Deep Elf Hunter on June 22, 2023.
             Succumbed to a goblin's poison
             ... on level 2 of the Dungeon.
             The game lasted 00:00:16 (998 turns).

qw the Shooter (Deep Elf Hunter)                     Turns: 998, Time: 00:00:17

Health: 0/20       AC:  4    Str: 10    XL:     3   Next: 14%
Magic:  5/5        EV: 12    Int: 13    God:
Gold:   54         SH:  0    Dex: 18    Spells: 2/2 levels left

rFire   . . .        Y - +4 orcbow
rCold   . . .        (shield currently unavailable)
rNeg    . . .        c - +0 leather armour
rPois   .            (no helmet)
rElec   .            (no cloak)
rCorr   .            (no gloves)
SInv    .            k - +0 pair of boots
Will    .....        (no amulet)
Stlth   ++           (no ring)
HPRegen 0.23/turn    (no ring)
MPRegen 0.09/turn

%: no passive effects
@: lethally poisoned (0 -> -4), about to teleport
A: no striking features
a: no special abilities


You were on level 2 of the Dungeon.
You visited 1 branch of the dungeon, and saw 2 of its levels.

You collected 54 gold pieces.


   Skills:
 - Level 1.5 Fighting
 + Level 6.7 Ranged Weapons
 - Level 2.4 Dodging
 - Level 1.2 Stealth


You had 2 spell levels left.
You didn't know any spells.
Your spell library was empty.

Inventory:

Hand Weapons
 Y - a +4 orcbow (weapon)
Armour
 c - a +0 leather armour (worn)
 k - a +0 pair of boots (worn)
Scrolls
 b - a scroll of brand weapon {unknown}
Potions
 a - a potion of invisibility {unknown}
 e - a potion of curing
 f - a potion of haste {unknown}
 h - a potion of attraction {unknown}
 n - a potion of cancellation {unknown}

Dungeon Overview and Level Annotations

Branches:
Dungeon (2/15)

Altars:

Annotations:
D:2 Robin


Message History

Robin roars a battlecry!
The goblins go into a battle-frenzy!
Robin drinks a potion.
Robin suddenly seems more resistant.
The goblin hits you with a +0 dagger.
You shoot an arrow. The arrow closely misses the goblin.
The goblin barely misses you.
A goblin comes into view. It is wielding a +0 club.
You shoot an arrow. The arrow barely misses the goblin.
Robin throws the goblin at you! The goblin hits you with a +0 dagger.
You shoot an arrow. The arrow hits the goblin.
You kill the goblin!
The goblin barely misses you.
A goblin comes into view. It is wielding a +2 dagger of venom.
Robin roars a battlecry!
The goblins go into a battle-frenzy!
You shoot an arrow. The goblin shouts!
The arrow hits the goblin.
You kill the goblin!
The goblin hits you but does no damage.
A kobold comes into view. It is wielding a +0 whip.
You shoot an arrow. The arrow closely misses the goblin.
An orc comes into view. It is wielding a +0 hand axe.
Robin throws the goblin at you!
The goblin hits you with a +2 dagger of venom.
You are poisoned.
The goblin hits you with a +0 club.
An orc comes into view. It is wielding a +0 dagger.
You shoot an arrow. The arrow closely misses the goblin.
You feel sick. The goblin closely misses you.
A goblin comes into view. It is wielding a +0 club.
The hobgoblin hits you. The goblin barely misses you. x2
A kobold comes into view. It is wielding a +0 short sword.
An orc comes into view.
It is wielding a +0 whip and quivering boomerangs of dispersal.
The hobgoblin hits you. The goblin hits you with a +0 club.
The goblin closely misses you. x2
998 ||| READING scroll of teleportation.
As you read the scroll of teleportation, it crumbles to dust.
You feel strangely unstable.
You die...

#Ko...... #g)......
#.oo.......#
#K.........#
#)g........#
#..........#
#gg........#
#@g........#
#.g........######
#####...............#
#............#......#
#............#......#
#............#......#
##......%.....#......#
#........###.##......#
#........# #.##......#


You could see Robin (resistant), 3 orcs, a hobgoblin (strong), 4 goblins and 2
kobolds.

Vanquished Creatures
  An adder (D:2)
  2 bats (D:1)
  2 endoplasms (D:1)
  A giant cockroach (D:1)
  5 goblins
  2 hobgoblins (D:2)
  3 jackals (D:1)
  A quokka (D:1)
  3 kobolds
20 creatures vanquished.

Notes
Turn   | Place    | Note
-------+----------+-------------------------------------------
     0 | D:1      | qw the Deep Elf Hunter began the quest for the Orb.
     0 | D:1      | Reached XP level 1. HP: 12/12 MP: 3/3
     0 | D:1      | 0 ||| qw: Version: 0.3-a-9-g12657ce
     0 | D:1      | 0 ||| qw: Game counter: 3029
     0 | D:1      | 0 ||| qw: Always use a shield: true
     0 | D:1      | 0 ||| qw: God list: Okawaru
     0 | D:1      | 0 ||| qw: Allow faded altars: false
     0 | D:1      | 0 ||| qw: Do Orc after D:15 true
     0 | D:1      | 0 ||| qw: Do second Lair branch before Depths: true
     0 | D:1      | 0 ||| qw: Lair rune preference: random
     0 | D:1      | 0 ||| qw: Plans: Normal
     0 | D:1      | 0 ||| PLANNING D:1-11
    30 | D:1      | Found a faded altar of an unknown god.
    54 | D:1      | 54 ||| SWAPPING to +3 orcbow.
    55 | D:1      | 55 ||| DROPPING +0 shortbow.
   241 | D:1      | Reached XP level 2. HP: 16/16 MP: 4/4
   373 | D:1      | Reached skill level 6 in Ranged Weapons
   668 | D:1      | 668 ||| UPGRADING to +0 pair of boots.
   673 | D:1      | 673 ||| READING scroll labelled FIVIGREITIE.
   674 | D:1      | 674 ||| READING 3 scrolls labelled ZUOSAR JIUX.
   675 | D:1      | 675 ||| READING scroll labelled NEANKO ALIXIRGH.
   676 | D:1      | 676 ||| READING 2 scrolls labelled QAD TUUDDU.
   679 | D:1      | 679 ||| READING scroll labelled YTREVUTIYZ.
   780 | D:1      | 780 ||| DRINKING 2 golden potions.
   781 | D:1      | 781 ||| DRINKING 2 fuming white potions.
   886 | D:1      | 886 ||| DROPPING scroll of butterflies.
   887 | D:1      | 887 ||| DROPPING 2 scrolls of blinking.
   888 | D:1      | 888 ||| DROPPING potion of berserk rage.
   960 | D:2      | Reached XP level 3. HP: 20/20 MP: 5/5
   989 | D:2      | Noticed Robin
   997 | D:2      | HP: 5/20 [hobgoblin[Robin] (2)]
   997 | D:2      | HP: 1/20 [goblin/+0 club[Robin] (4)]
   998 | D:2      | 998 ||| READING scroll of teleportation.
   998 | D:2      | Succumbed to a goblin's poison

Levels and vault maps discovered:
D:1:      ebering_trefoil_twist, layout_basic,
          hellmonk_ecumenical_altar_lost_god, nrook_mini_backslash
D:2:      layout_basic, uniq_robin

Skill      XL: |  1  2 |
---------------+-------+-----
Ranged Weapons | 6 |  6.7
Fighting       | |  1.5
Dodging        | |  2.4
Stealth        | |  1.2

Action                     || total
---------------------------++-------
   Fire: Orcbow            ||    31
         Shortbow          ||     3
    Use: Scroll            ||     6
         Potion            ||     2
 Armour: Leather armour    ||     4
  Dodge: Dodged            ||     8

Table legend:
 A = Non-vault XP
 B = Vault XP
 C = Vault XP percentage of total XP
 D = Non-vault monster count
 E = Vault monster count
 F = Vault count percentage of total count
                 A         B        C        D         E       F
            +---------+---------+-------+---------+---------+-------
      Total |      41 |       8 |  16.3 |      16 |       4 |  20.0
            +---------+---------+-------+---------+---------+-------
        D:1 |      24 |       0 |   0.0 |      13 |       0 |   0.0
        D:2 |      17 |       8 |  32.0 |       3 |       4 |  57.1
            +---------+---------+-------+---------+---------+-------
